[Event "*** SCC Grand Prix: Titled Tuesday Blitz"]
[Site "Chess.com"]
[Date "2020.10.06"]
[Round "4"]
[White "Ural_bogatyr"]
[Black "bgfbfbgfbgfgf"]
[Result "0-1"]
[WhiteElo "2374"]
[BlackElo "2775"]
[TimeControl "180+1"]
[EndTime "10:38:56 PDT"]
[Termination "bgfbfbgfbgfgf won on time"]

1. e4 c5 2. Nf3 d6 3. d4 cxd4 4.
Qxd4 Nc6 5. Bb5 Bd7 6. Bxc6 Bxc6 7. Nc3 Nf6 8. Bg5 e6 9. O-O-O Be7 10. Qd3 O-O 11. Nd4 Rc8 12. f4 Re8 13. h4 a6 14.
f5 e5 15. Nb3 b5 16. Bxf6 Bxf6 17. Kb1 Qc7 18. Rd2 h5 19. Qf3 b4 20. Nd5 Bxd5 21.
exd5 e4 22. Qxh5 e3 23. Re2 a5 24. Qf3 a4 25. Nc1 a3 26. Nd3 axb2 27. Rhe1 Qc4 28. Qf4 Bd4 29. Qxd6 Bc3 30. Rf1 Ra8 0-1

[Event "*** SCC Grand Prix: Titled Tuesday Blitz"]
[Site "Chess.com"]
[Date "2020.10.06"]
[Round "4"]
[White "louis198"]
[Black "rasmussvane"]
[Result "0-1"]
[WhiteElo "2567"]
[BlackElo "2903"]
[TimeControl "180+1"]
[EndTime "10:38:57 PDT"]
[Termination "rasmussvane won by checkmate"]

1. d4 d5 2. c4 e6 3. Nc3 a6 4.
cxd5 exd5 5. Nf3 Nf6 6. Bg5 Be6 7. e3 Nbd7 8. Rc1 Bd6 9. Bd3 c6 10. O-O Qc7 11. h3 h6 12. Bxf6 Nxf6 13. e4 dxe4 14. Nxe4 Be7 15. Nc5 Bd5 16. Bc4 O-O 17. Bxd5 Nxd5 18.
Re1 Rfd8 19. Qb3 Rab8 20. Nd3 Bf6 21. Nde5 Qb6 22. Qc2 Rbc8 23. a3 Qc7 24. b4 Re8 25.
Qf5 Re7 26. Ng4 Rd8 27. Nfe5 Re6 28. Nd3 Rxe1+ 29. Rxe1 Bxd4 30. Re4 Nf6 31. Nxf6+ Bxf6 32. Rg4 Kh8 33. g3 b6 34. Nf4 Qe5 35. Qc2 Qe1+ 36. Kg2 Rd1 37. Kf3 Qh1+ 38. Ng2 Rg1 39. Re4 Qxg2+ 40.
Kg4 g6 41. Qxc6 h5+ 42. Kf4 Qxf2# 0-1

[Event "*** SCC Grand Prix: Titled Tuesday Blitz"]
[Site "Chess.com"]
[Date "2020.10.06"]
[Round "4"]
[White "GMaka"]
[Black "Yashasd1995"]
[Result "1-0"]
[WhiteElo "2384"]
[BlackElo "2610"]
[TimeControl "180+1"]
[EndTime "10:38:57 PDT"]
[Termination "GMaka won by resignation"]

1. Nf3 Nf6 2. c4 e6 3. g3 d5 4. b3 Be7 5. Bb2 O-O 6. Bg2 c5 7. O-O d4 8. e3 Nc6 9. exd4 cxd4 10. d3 e5 11. Re1 Bg4 12. h3 Bxf3 13. Bxf3 Bd6 14.
Nd2 a5 15. Ne4 Nxe4 16. Bxe4 Qd7 17. Kg2 f5 18. Bd5+ Kh8 19. Kg1 Rae8 20. Qf3 e4 21. Qd1 Bb4 22. Re2 e3 23. f4 Bc3 24. Qc1 Nb4 25. Bxc3 dxc3 26. Qxc3 Nxd5 27. cxd5 Qxd5 28. Rf1 Re6 29. Qc4 Rd8 30. Qxd5 Rxd5 31. Rd1 h6 32. Kg2 g5 33. Kf3 gxf4 34. gxf4 Rc5 35. d4 Rc3 36. d5 Re8 37. d6 Kg7 38. d7 Rd8 39.
Rxe3 Rxe3+ 40. Kxe3 Kf6 41. Rd5 Ke6 42. Kd4 b6 43. a4 h5 44. h4 Kf6 45. Rd6+ Ke7 46. Ke5 Kf7 47. Kxf5 Ke7 48. Ke5 Kf7 49. f5 Ke7 50. f6+ Kf7 51. Rd5 Kf8 52. Ke6 b5 53. Rxb5 Ra8 54. Rd5 Rd8 55. Rxh5 Kg8 56. f7+ Kg7 57. Ke7 Rf8 58. Rg5+ Kh6 59. Kxf8 1-0

[Event "*** SCC Grand Prix: Titled Tuesday Blitz"]
[Site "Chess.com"]
[Date "2020.10.06"]
[Round "4"]
[White "r31415"]
[Black "barriochess"]
[Result "1-0"]
[WhiteElo "2478"]
[BlackElo "2305"]
[TimeControl "180+1"]
[EndTime "10:38:57 PDT"]
[Termination "r31415 won by resignation"]

1. e4 d6 2. d4 Nf6 3. Nc3 g6 4.
Nf3 Bg7 5. Be2 O-O 6. O-O Nc6 7. h3 e5 8. Be3 exd4 9. Nxd4 Bd7 10. Nf3 Re8 11. Nd2 a6 12. f4 b5 13. Bf3 Rb8 14. Qe1 Nb4 15. Rc1 c5 16. g4 Nfd5 17. Nxd5 Nxd5 18. c3 Nxe3 19. Qxe3 Bc6 20. e5 Qb6 21.
Bxc6 Qxc6 22. Qe4 Qxe4 23. Nxe4 dxe5 24. Nxc5 exf4 25. Nxa6 Rbd8 26. Rc2 g5 27. Rff2 Re3 28. Rcd2 Rde8 29. Kg2 Rg3+ 30. Kh2 Ree3 31. Rd8+ Bf8 32.
Nc5 Rxh3+ 33. Kg2 Kg7 34. Nd7 Reg3+ 35. Kf1 Rh1+ 36. Ke2 Re3+ 37. Kd2 Be7 38. Rb8 Rhh3 39. Kc2 Rhg3 40. Rxb5 Rxg4 41. Ne5 Rgg3 42. a4 Bf6 43.
Nc4 Ref3 44. Rd2 Bxc3 45. Rdd5 h6 46. a5 Bxa5 47. Rxa5 Rf2+ 48. Rd2 f3 49. Rxf2 Rg2 50. Rd2 g4 51. Ne3 Rg1 52. Rd1 Rxd1 53. Kxd1 g3 54.
Nf5+ Kf6 55. Nxg3 1-0

[Event "*** SCC Grand Prix: Titled Tuesday Blitz"]
[Site "Chess.com"]
[Date "2020.10.06"]
[Round "4"]
[White "queen_iryna"]
[Black "SharapovEvgeny"]
[Result "1/2-1/2"]
[WhiteElo "2306"]
[BlackElo "2464"]
[TimeControl "180+1"]
[EndTime "10:38:57 PDT"]
[Termination "Game drawn by repetition"]

1. e4 c5 2. Nf3 d6 3. Bb5+ Nd7 4.
d4 cxd4 5. Qxd4 e5 6. Qd1 h6 7.
O-O Nf6 8. Nc3 Be7 9. h3 O-O 10. Be3 a6 11. Bd3 b5 12. Nd5 Nxd5 13. exd5 f5 14. Be2 Bb7 15. c4 bxc4 16. Bxc4 Rc8 17. Bb3 Nc5 18. Nxe5 dxe5 19. d6+ Kh8 20. Bxc5 Rxc5 21. dxe7 Qxe7 22. Rc1 Rfc8 23. Rxc5 Qxc5 24. Qd7 Qc6 25. Qxc6 Rxc6 26. Re1 e4 27. Rd1 Rc7 28. Be6 f4 29. Bf5 g5 30. Rd8+ Kg7 31. Rd7+ Rxd7 32.
Bxd7 a5 33. a3 Kf6 34. b4 axb4 35. axb4 Ke5 36. Kf1 Kd4 37. b5 Bd5 38. g3 Bc4+ 39. Ke1 Kc5 40. gxf4 gxf4 41. Bc6 e3 42. fxe3 fxe3 43.
Bd7 Bxb5 44. Bxb5 Kxb5 45. Ke2 Kc5 46. Kxe3 Kd5 47. Kf4 Ke6 48. h4 Kf6 49. h5 Ke6 50. Ke4 Kf6 51. Kf4 Ke6 52. Ke4 Kf6 53. Kf4 1/2-1/2

[Event "*** SCC Grand Prix: Titled Tuesday Blitz"]
[Site "Chess.com"]
[Date "2020.10.06"]
[Round "4"]
[White "GM_LOADING"]
[Black "Vuk2000"]
[Result "1-0"]
[WhiteElo "2504"]
[BlackElo "2686"]
[TimeControl "180+1"]
[EndTime "10:38:58 PDT"]
[Termination "GM_LOADING won by resignation"]

1. e4 e6 2. d4 d5 3. Nc3 Bb4 4. Ne2 dxe4 5. a3 Bxc3+ 6. Nxc3 Nc6 7. Bb5 Ne7 8. Bg5 f6 9. Be3 f5 10. Qd2 O-O 11. O-O-O Nd5 12. Nxd5 Qxd5 13. c4 Qd6 14. Bf4 Qe7 15. f3 exf3 16. gxf3 Bd7 17. Rhg1 a6 18. Bxc6 Bxc6 19. Be5 Rf7 20. Qf4 b5 21. c5 b4 22.
axb4 a5 23. b5 Bxb5 24. Rg3 Rd8 25. Rdg1 Rd7 26. h4 Kf8 27. h5 Qd8 28. Bxg7+ Rxg7 29. Qh6 Qe7 30. Rxg7 Qxg7 31. Rxg7 Rxg7 32. Qf6+ Rf7 33. Qxe6 c6 34. h6 a4 35. d5 cxd5 36. Qd6+ Ke8 37. Qb8+ Kd7 38. Qxb5+ Ke6 39. Qc6+ Ke5 40. Qd6+ 1-0

[Event "*** SCC Grand Prix: Titled Tuesday Blitz"]
[Site "Chess.com"]
[Date "2020.10.06"]
[Round "4"]
[White "GiantThresher"]
[Black "BilodeauA"]
[Result "1-0"]
[WhiteElo "2798"]
[BlackElo "2929"]
[TimeControl "180+1"]
[EndTime "10:39:00 PDT"]
[Termination "GiantThresher won by checkmate"]

1. e4 e5 2. Nf3 Nc6 3. Nc3 Nf6 4. Bb5 Bd6 5. d3 O-O 6. a3 a6 7. Ba4 Re8 8. g4 Bc5 9. g5 Ng4 10. Rf1 d6 11. h3 b5 12. Bb3 Nd4 13. Nxd4 exd4 14.
hxg4 dxc3 15. bxc3 d5 16. f3 Qd6 17. d4 Qg3+ 18.
Kd2 Be7 19. Bxd5 Be6 20. Bxe6 fxe6 21. Qe1 Qd6 22. f4 c5 23. Bb2 e5 24. Rd1 b4 25. axb4 cxd4 26. Kc1 a5 27. cxd4 axb4 28. dxe5 Qc6 29. Qe3 Rec8 30. Rf2 Kh8 31. Re2 Qc4 32.
Qd3 Qa2 33. e6 b3 34. Qd4 Rg8 35. Rh1 Rac8 36. Rxh7+ Kxh7 37. Rh2+ Kg6 38. f5+ Kxg5 39. Qe3+ Kxg4 40. Rg2+ Kh5 41. Qh3+ Bh4 42. Qg4+ Kh6 43. Qg6# 1-0

[Event "*** SCC Grand Prix: Titled Tuesday Blitz"]
[Site "Chess.com"]
[Date "2020.10.06"]
[Round "4"]
[White "Azerichess"]
[Black "Alexander_Donchenko"]
[Result "1-0"]
[WhiteElo "2918"]
[BlackElo "2762"]
[TimeControl "180+1"]
[EndTime "10:39:00 PDT"]
[Termination "Azerichess won by resignation"]

1. d4 d5 2. c4 dxc4 3. Nf3 a6 4.
e4 b5 5. Qc2 Bb7 6. b3 cxb3 7.
axb3 e6 8. Nbd2 Nf6 9. Bb2 Nc6 10.
Rc1 Rc8 11. Be2 Nb4 12. Qb1 c5 13. O-O cxd4 14. Nxd4 Be7 15. e5 Nfd5 16. Bf3 O-O 17. Ne4 Rxc1 18. Rxc1 Qa8 19. Nd6 Rd8 20. Ba3 Bxd6 21.
exd6 Rxd6 22. Qe4 h6 23. h4 Rd8 24. Bb2 Rc8 25. Re1 Rc7 26. Bh5 Qf8 27. Nxe6 fxe6 28. Qxe6+ Rf7 29. Re4 Nd3 30. Bxg7 Qe7 31. Qxh6 Rxg7 32. Rxe7 Nxe7 33. Qe6+ Kh8 34. Qh6+ Kg8 35.
Qe6+ Kh8 36. g3 Nf4 37. Qh6+ 1-0

[Event "*** SCC Grand Prix: Titled Tuesday Blitz"]
[Site "Chess.com"]
[Date "2020.10.06"]
[Round "4"]
[White "profofchess"]
[Black "MikeSailer"]
[Result "1-0"]
[WhiteElo "2393"]
[BlackElo "2077"]
[TimeControl "180+1"]
[EndTime "10:39:00 PDT"]
[Termination "profofchess won on time"]

1. e4 d5 2. exd5 Qxd5 3. Nc3 Qd6 4. d4 Nf6 5. Nf3 c6 6. Ne5 Nbd7 7. Nc4 Qc7 8. Qf3 Nb6 9. Bf4 Qd7 10. Ne5 Qd8 11. O-O-O Be6 12. Kb1 Nbd5 13. Bg3 Nxc3+ 14. Qxc3 g6 15.
Bc4 Bxc4 16. Qxc4 Qd5 17. Qb4 Bg7 18. Qxb7 O-O 19. Qxc6 Qa5 20. Qc5 Qa6 21. Qxe7 Rab8 22. Nd3 Rb7 23. Qe1 Qb5 24. Qb4 Qc6 25.
Qa3 Rc8 26. Nc5 Rb5 27. Rhe1 Bf8 28. Qa6 Qxa6 29. Nxa6 Nd5 30. Ka1 Rc6 31. Nc5 Rcb6 32. c4 1-0

[Event "*** SCC Grand Prix: Titled Tuesday Blitz"]
[Site "Chess.com"]
[Date "2020.10.06"]
[Round "4"]
[White "SHIVACalypso"]
[Black "ChessAurochs"]
[Result "0-1"]
[WhiteElo "2353"]
[BlackElo "2556"]
[TimeControl "180+1"]
[EndTime "10:39:01 PDT"]
[Termination "ChessAurochs won by resignation"]

1. Nf3 Nf6 2. c4 e6 3. g3 d5 4. Bg2 Be7 5. O-O O-O 6. d4 Bd6 7. Nc3 c6 8. Nd2 e5 9. dxe5 Bxe5 10. cxd5 Bxc3 11. bxc3 Nxd5 12. Qc2 Re8 13. e4 Nb6 14. Rd1 N8d7 15. a4 a5 16. Ba3 Qf6 17. Rab1 h5 18. c4 c5 19. Nf1 Ne5 20. Ne3 Bd7 21. Rxb6 Qxb6 22. f4 Bg4 23. fxe5 Bxd1 24. Qxd1 Rad8 25. Nd5 Qa6 26. Qb3 Rxe5 27. Bxc5 Qc6 28. Bd4 Ree8 29.
Qc3 Qh6 30. Be3 Qg6 31. Bf4 Rxe4 32. Bxe4 Qxe4 33. Bh6 Qb1+ 34. Kg2 gxh6 35. Qf6 Qe4+ 36. Kh3 Qe6+ 37. Qxe6 fxe6 38. Nc7 Rc8 39. Nxe6 Rxc4 40. Nf4 Rxa4 41. Nxh5 Rb4 42. Nf4 a4 0-1

[Event "*** SCC Grand Prix: Titled Tuesday Blitz"]
[Site "Chess.com"]
[Date "2020.10.06"]
[Round "4"]
[White "Tooweak2slow03"]
[Black "nocnypako"]
[Result "1/2-1/2"]
[WhiteElo "2786"]
[BlackElo "2552"]
[TimeControl "180+1"]
[EndTime "10:39:02 PDT"]
[Termination "Game drawn - insufficient material"]

1. e4 c5 2. Nf3 d6 3. d4 cxd4 4. Nxd4 Nf6 5. Nc3 a6 6. a3 e6 7. g4 Be7 8. g5 Nfd7 9. h4 Nc6 10. Be3 Qc7 11. Bg2 Nde5 12. Nxc6 Qxc6 13. Qe2 Nc4 14. O-O-O Nxe3 15. Qxe3 b5 16. f4 Bb7 17. Rhg1 Qc7 18. f5 h6 19. fxe6 fxe6 20. Bh3 hxg5 21. Bxe6 Rxh4 22. Rxg5 Bxg5 23. Qxg5 Qe7 24. Qg6+ Kd8 25. e5 Rh1 26. Rxh1 Bxh1 27. Kb1 dxe5 28. Bd5 Qf6 29. Qd3 Ra7 30. Bxh1+ Rd7 31. Qe4 Qf1+ 32. Ka2 Qc4+ 33. Qxc4 bxc4 34. Bd5 g5 35. Bxc4 g4 36. Ne4 Rd4 37. Bd3 Ke7 38. b4 Ke6 39. Kb3 Kf5 40. a4 Rxe4 41. b5 axb5 42. a5 g3 43. Bxe4+ Kxe4 44. a6 g2 45. a7 g1=Q 46. a8=Q+ Kf4 47. Qf8+ Ke4 48. Qa8+ Kf5 49. Qf3+ Ke6 50. Qc6+ Kf5 51. Qd7+ Kf6 52. Qd6+ Kf5 53. Qd3+ Kf4 54. Qd6 Qe3+ 55. Kb4 Qd4+ 56. Qxd4+ exd4 57. Kxb5 Ke3 58. Kc4 Kd2 59. Kxd4 Kxc2 1/2-1/2

[Event "*** SCC Grand Prix: Titled Tuesday Blitz"]
[Site "Chess.com"]
[Date "2020.10.06"]
[Round "4"]
[White "Skatchkov_V"]
[Black "gmpeter008"]
[Result "1-0"]
[WhiteElo "2584"]
[BlackElo "2363"]
[TimeControl "180+1"]
[EndTime "10:39:02 PDT"]
[Termination "Skatchkov_V won by resignation"]

1. d4 Nf6 2. c4 e6 3. Nf3 b6 4. g3 Ba6 5. b3 Bb4+ 6. Bd2 Be7 7. Bg2 O-O 8. O-O Bb7 9. Nc3 Ne4 10. Qc2 Nxc3 11.
Bxc3 f5 12. d5 Na6 13. Rad1 Qc8 14. Nd4 Nc5 15. b4 Ne4 16. Bxe4 fxe4 17. Qxe4 Bf6 18.
Qg2 c5 19. dxc6 dxc6 20. c5 a5 21. Qe4 axb4 22. Bxb4 Rxa2 23. Nxe6 Re8 24. Rd6 Ra4 25.
Qc4 b5 26. Qb3 Rxb4 27. Qxb4 Rxe6 28. Qb3 Kf7 29. Rfd1 Ke7 30. Qd3 Rxd6 31. cxd6+ Kd8 32. d7 Qc7 33. Qxh7 Qe5 34. Qg8+ Kc7 35. d8=Q+ 1-0

[Event "*** SCC Grand Prix: Titled Tuesday Blitz"]
[Site "Chess.com"]
[Date "2020.10.06"]
[Round "4"]
[White "VinzentSpitzl"]
[Black "Shankovskyi"]
[Result "1-0"]
[WhiteElo "2334"]
[BlackElo "2467"]
[TimeControl "180+1"]
[EndTime "10:39:03 PDT"]
[Termination "VinzentSpitzl won by resignation"]

1. Nf3 Nf6 2. d4 g6 3. g3 Bg7 4. Bg2 O-O 5. O-O d6 6. c4 Nbd7 7. b3 e5 8. Bb2 e4 9. Nfd2 Re8 10.
f3 e3 11. Ne4 d5 12. Nxf6+ Nxf6 13. Nc3 c6 14. Rc1 Bf5 15. g4 Be6 16. g5 Nh5 17.
cxd5 cxd5 18. f4 a6 19. Na4 Qd6 20. Nc5 Nxf4 21. Nxb7 Qb8 22. Nc5 Nxg2 23. Nxe6 Rxe6 24.
Kxg2 Re4 25. Rf3 Rg4+ 26. Rg3 Rxg3+ 27. hxg3 Qd8 28. Qf1 Qxg5 29. Rc7 f5 30. Qf3 Rd8 31. Ba3 h5 32. Be7 Qg4 33. Qxg4 hxg4 34. Bxd8 Bxd4 35.
Rd7 Bb6 36. Rxd5 Kf7 37. Bxb6 1-0

[Event "*** SCC Grand Prix: Titled Tuesday Blitz"]
[Site "Chess.com"]
[Date "2020.10.06"]
[Round "4"]
[White "AlexOstrovskiy"]
[Black "Ranindu2003"]
[Result "1-0"]
[WhiteElo "2759"]
[BlackElo "2593"]
[TimeControl "180+1"]
[EndTime "10:39:04 PDT"]
[Termination "AlexOstrovskiy won by resignation"]

1. d4 Nf6 2. Bf4 e6 3. e3 d5 4. Nd2 c5 5. c3 Nc6 6. Ngf3 cxd4 7. exd4 Nh5 8. Be3 Bd6 9. Ne5 g6 10. Nd3 Bd7 11. g3 O-O 12. Bg2 f5 13. Bh6 Re8 14. Nf3 f4 15. Qe2 Rc8 16. gxf4 Ne7 17. Nfe5 Bb5 18. a4 Ba6 19. Bg5 Rc4 20. Nxc4 Bxc4 21. Bh3 Bxd3 22. Qxd3 Bxf4 23. Bh4 Qb6 24. O-O Nf5 25. Bg3 Qd6 26. Rfe1 Nf6 27. Qf3 Bxg3 28.
hxg3 Ne4 29. Bxf5 exf5 30. Qf4 Qd7 31. f3 g5 32. Qe3 f4 33. gxf4 gxf4 34. Qxf4 Kh8 35.
fxe4 Rg8+ 36. Kf2 Qe6 37. Qe5+ 1-0

[Event "*** SCC Grand Prix: Titled Tuesday Blitz"]
[Site "Chess.com"]
[Date "2020.10.06"]
[Round "4"]
[White "amatatanav"]
[Black "Chessbard1972"]
[Result "1/2-1/2"]
[WhiteElo "2391"]
[BlackElo "2262"]
[TimeControl "180+1"]
[EndTime "10:39:05 PDT"]
[Termination "Game drawn by stalemate"]

1. e4 c5 2. Ne2 a6 3. g3 d5 4. Bg2 dxe4 5. Nbc3 Nf6 6. Nxe4 Nxe4 7.
Bxe4 e5 8. O-O Be7 9. b3 O-O 10.
Bb2 Nd7 11. Re1 Nf6 12. Bg2 Bd6 13. h3 Rb8 14. Nc3 b5 15. a4 b4 16. Ne4 Nxe4 17.
Bxe4 Re8 18. Kh2 Bb7 19. Bxb7 Rxb7 20. Qe2 Rb6 21. f4 f6 22. Qe4 Bb8 23. Re2 Rd6 24. d3 Rd5 25. Rae1 g6 26. Qc4 Re6 27. fxe5 fxe5 28.
Bxe5 Kf8 29. Bxb8 Rxe2+ 30. Rxe2 Rf5 31. Bf4 g5 32. Qe6 Qf6 33. Bd6+ Kg7 34. Qxf6+ Kxf6 35. Kg2 Rd5 36. Bc7 h5 37. Bd8+ Kf5 38. Bc7 g4 39.
hxg4+ hxg4 40. Re4 Kg5 41. Re5+ Rxe5 42. Bxe5 Kf5 43.
Bf4 Ke6 44. Kf2 Kd5 45. Ke3 Kc6 46. Ke4 Kb6 47. Kd5 c4 48. dxc4 Ka5 49. c5 1/2-1/2

[Event "*** SCC Grand Prix: Titled Tuesday Blitz"]
[Site "Chess.com"]
[Date "2020.10.06"]
[Round "4"]
[White "lucachess49"]
[Black "Juanovic"]
[Result "1-0"]
[WhiteElo "2399"]
[BlackElo "2125"]
[TimeControl "180+1"]
[EndTime "10:39:07 PDT"]
[Termination "lucachess49 won by checkmate"]

1. d4 d5 2. c4 c6 3. Nc3 Nf6 4. e3 a6 5. Nf3 Bf5 6. b3 e6 7. Be2 Nbd7 8. O-O Bd6 9. Nh4 Bg6 10. h3 O-O 11. Nxg6 hxg6 12. Bb2 dxc4 13. bxc4 e5 14. Qb3 exd4 15. exd4 b5 16. c5 Bb8 17. Bf3 Qc7 18. g3 Nh5 19. Ne4 Ndf6 20. Nd6 Ra7 21. Qe3 Nd5 22.
Bxd5 cxd5 23. a4 bxa4 24. Rxa4 Qd7 25. Ra2 Qxh3 26. Qf3 Nf6 27. Rfa1 Bxd6 28. cxd6 Rb8 29. Bc1 Rc8 30. Qg2 Qg4 31. Bf4 a5 32. Be5 Ne4 33.
f3 Qf5 34. fxe4 dxe4 35. Rf1 Qe6 36. Raf2 a4 37. Qxe4 a3 38. d5 Qd7 39. Ba1 Qe8 40. Qd4 Rd8 41. Qxg7# 1-0

[Event "*** SCC Grand Prix: Titled Tuesday Blitz"]
[Site "Chess.com"]
[Date "2020.10.06"]
[Round "4"]
[White "MrTattaglia"]
[Black "grzechu96"]
[Result "1-0"]
[WhiteElo "2883"]
[BlackElo "2685"]
[TimeControl "180+1"]
[EndTime "10:39:08 PDT"]
[Termination "MrTattaglia won on time"]

1. Nf3 Nf6 2. c4 c5 3. g3 d5 4.
cxd5 Nxd5 5. Bg2 Nc6 6. d4 cxd4 7. Nxd4 Ndb4 8. Nxc6 Qxd1+ 9. Kxd1 Nxc6 10. Bxc6+ bxc6 11. f3 Be6 12. Be3 g6 13. Nc3 Bg7 14. Rc1 Bxc3 15.
Rxc3 Bxa2 16. Rxc6 O-O 17. Rc7 Rfb8 18. Kc2 Rc8 19. Rc3 Rxc3+ 20. bxc3 Bc4 21. Re1 a5 22. Bc5 Kf8 23. e4 a4 24. Kb2 Rd8 25. Bd4 f6 26. f4 Kf7 27. Ka3 Bb3 28. g4 g5 29. fxg5 fxg5 30.
Rf1+ Kg6 31. Rf5 h6 32. Rb5 Rf8 33. Rb6+ Kh7 34. Rb7 Rf7 35. Kb4 Kg6 36. c4 Rf4 37. Rxe7 Rxg4 38. c5 Bc2 39. Rg7+ Kh5 40. c6 Bxe4 41.
c7 Bf5 42. Kc5 a3 43. Rf7 Be6 44. Re7 Bf5 45. Re5 Bd7 46. Re3 a2 47. Ra3 Rg2 48.
h3 Bf5 49. Be5 Rc2+ 50. Kd6 Kg6 51. Ke7 h5 52. Ra6+ Kh7 53. Kf7 Bxh3 54. Ra8 Rxc7+ 55.
Bxc7 1-0

[Event "*** SCC Grand Prix: Titled Tuesday Blitz"]
[Site "Chess.com"]
[Date "2020.10.06"]
[Round "4"]
[White "youngKID"]
[Black "AldokhinIvan"]
[Result "1-0"]
[WhiteElo "2793"]
[BlackElo "2540"]
[TimeControl "180+1"]
[EndTime "10:39:08 PDT"]
[Termination "youngKID won by checkmate"]

1. Nf3 Nf6 2. d4 g6 3. Bg5 Bg7 4. Nbd2 d5 5. e3 O-O 6. Bd3 b6 7. Qe2 Bb7 8. c3 c5 9. O-O Nbd7 10. a4 Re8 11. h3 e5 12. dxe5 Nxe5 13. Nxe5 Rxe5 14.
Nf3 Re6 15. Rfd1 Qe7 16. a5 h6 17. Bh4 g5 18. Bg3 Nh5 19. Bh2 Nf4 20. Qf1 Nxd3 21. Qxd3 Rd8 22. axb6 axb6 23. Ra7 Rd7 24. Bg3 Re4 25.
Qb5 Qe6 26. Nd2 d4 27. Nxe4 Qxe4 28. f3 Qxe3+ 29. Bf2 Qe6 30. cxd4 cxd4 31. Re1 Qc6 32. Qxc6 Bxc6 33. Rxd7 Bxd7 34. Rd1 Be6 35. Bxd4 Bxd4+ 36. Rxd4 b5 37. Rd6 Bc4 38. Kf2 Kg7 39. g3 f6 40. g4 Kg6 41. Kg3 Bf1 42. h4 gxh4+ 43. Kxh4 Be2 44. f4 Bc4 45. f5+ Kg7 46. Rd7+ Bf7 47. Rb7 b4 48. Rxb4 Kh7 49. Rb7 Kg7 50. b4 h5 51. Rxf7+ Kxf7 52. Kxh5 Kg7 53. b5 Kh7 54. b6 Kg7 55. b7 Kh7 56. b8=Q Kg7 57.
Qc7+ Kh8 58. Kg6 Kg8 59. Qg7# 1-0

[Event "*** SCC Grand Prix: Titled Tuesday Blitz"]
[Site "Chess.com"]
[Date "2020.10.06"]
[Round "4"]
[White "Falcon28dz"]
[Black "yourstrulyme"]
[Result "0-1"]
[WhiteElo "2206"]
[BlackElo "2423"]
[TimeControl "180+1"]
[EndTime "10:39:08 PDT"]
[Termination "yourstrulyme won on time"]

1. e4 e5 2. Nf3 Nf6 3. Nc3 Nc6 4. Bb5 Bb4 5. O-O O-O 6. d3 d6 7. Ne2 Ne7 8. Ng3 Ng6 9. c3 Ba5 10. d4 c6 11. Bd3 Re8 12. h3 h6 13. Re1 exd4 14.
Nxd4 d5 15. exd5 Rxe1+ 16. Qxe1 Nxd5 17. Bd2 Ngf4 18. Bc2 Ne6 19. Ndf5 Bc7 20. Nh5 Bd7 21. Qe4 Nf6 22. Nxf6+ Qxf6 23. Re1 Re8 24. Ne7+ Kf8 25. Nf5 Nc5 26. Qb4 Rxe1+ 27. Bxe1 b6 28. Ne3 Qe7 29.
Bd2 a5 30. Qd4 Be5 31. Qc4 b5 32. Qe2 Bc7 33. Kf1 Qe5 34. Ng4 Qd6 0-1

[Event "*** SCC Grand Prix: Titled Tuesday Blitz"]
[Site "Chess.com"]
[Date "2020.10.06"]
[Round "4"]
[White "annazero"]
[Black "Matveev_Vladimir"]
[Result "0-1"]
[WhiteElo "2392"]
[BlackElo "2621"]
[TimeControl "180+1"]
[EndTime "10:39:09 PDT"]
[Termination "Matveev_Vladimir won on time"]

1. d4 Nf6 2. Nf3 g6 3. g3 Bg7 4.
Bg2 O-O 5. O-O d6 6. c4 Nc6 7.
Nc3 Bf5 8. Ne1 Na5 9. b3 c5 10. e3 a6 11. Bb2 Rb8 12. Qe2 Qc8 13. dxc5 dxc5 14. Nd5 Nxd5 15. Bxg7 Kxg7 16. Bxd5 b5 17. cxb5 axb5 18. Rc1 c4 19. bxc4 Nxc4 20. Bxc4 bxc4 21.
Qxc4 Qb7 22. f3 Be6 23. Qd4+ Kg8 24. a4 Rfd8 25. Qh4 Rd2 26. Rf2 Qb2 27. Rc2 Rxc2 28. Rxc2 Qa3 29. Qd4 h5 30. Kf2 Kh7 31. Qd3 Qxa4 32.
Ng2 Bf5 33. e4 Be6 34. Ne3 Rb1 35. Re2 Qa1 36. e5 Rh1 37. Rc2 Rxh2+ 0-1

[Event "*** SCC Grand Prix: Titled Tuesday Blitz"]
[Site "Chess.com"]
[Date "2020.10.06"]
[Round "4"]
[White "albi1999"]
[Black "UmarovSabir"]
[Result "0-1"]
[WhiteElo "2597"]
[BlackElo "2377"]
[TimeControl "180+1"]
[EndTime "10:39:09 PDT"]
[Termination "UmarovSabir won by resignation"]

1. d4 g6 2. Nf3 Bg7 3. g3 c6 4. Bg2 Nf6 5. O-O O-O 6. c4 d6 7. Nc3 Be6 8. d5 cxd5 9. cxd5 Bd7 10. Be3 Na6 11. Rc1 Nc5 12. b4 Nce4 13. Nxe4 Nxe4 14. Bd4 Nf6 15. Qb3 a6 16. a4 Rc8 17. h3 Rxc1 18.
Rxc1 Qb8 19. a5 Rc8 20. Rxc8+ Qxc8 21. Qb2 Bxh3 22. Bxh3 Qxh3 23. b5 axb5 24. Qxb5 Qc8 25. Kg2 Ne4 26. Bxg7 Kxg7 27. Qb2+ Kg8 28. Qd4 f5 29. g4 Qc5 30. gxf5 gxf5 31. Qxc5 dxc5 32. Nh4 Nd6 33. Kf3 Kf7 34. Ke3 Kf6 35. Kf4 Nc4 36. Nxf5 Nxa5 37. e4 e5+ 38. Ke3 b5 39. Nd6 Nc4+ 40.
Nxc4 bxc4 41. f4 h5 42. d6 exf4+ 43. Kxf4 Ke6 44. e5 c3 45. Ke3 h4 0-1

[Event "*** SCC Grand Prix: Titled Tuesday Blitz"]
[Site "Chess.com"]
[Date "2020.10.06"]
[Round "4"]
[White "Jabberwockiez"]
[Black "Oligan22"]
[Result "1-0"]
[WhiteElo "2243"]
[BlackElo "2413"]
[TimeControl "180+1"]
[EndTime "10:39:09 PDT"]
[Termination "Jabberwockiez won by checkmate"]

1. e4 c5 2. Nc3 Nc6 3. Nf3 e6 4. d4 cxd4 5. Nxd4 Qc7 6. Be2 a6 7. O-O Nf6 8. Be3 Bb4 9. Na4 Be7 10. Nc3 b5 11. Nxc6 dxc6 12. f4 b4 13. Na4 Nxe4 14. Bf3 Nf6 15. Bb6 Qb7 16. Qe2 O-O 17. Kh1 Nd5 18.
Bxd5 cxd5 19. f5 Bd7 20. Nc5 Bxc5 21. Bxc5 Bb5 22. Qg4 f6 23. Bxf8 Bxf1 24. Rxf1 Rxf8 25. fxe6 Qe7 26. Re1 Re8 27. Qd4 Qd6 28. Qg4 g6 29. Re3 f5 30. Qg3 f4 31. Qf3 fxe3 32. Qf7+ Kh8 33.
Qxe8+ Kg7 34. Qf7+ Kh6 35. e7 e2 36. e8=Q e1=Q+ 37.
Qxe1 Qc5 38. Qh4# 1-0

[Event "*** SCC Grand Prix: Titled Tuesday Blitz"]
[Site "Chess.com"]
[Date "2020.10.06"]
[Round "4"]
[White "Viaje"]
[Black "Quiet_Desperation"]
[Result "1-0"]
[WhiteElo "2385"]
[BlackElo "1914"]
[TimeControl "180+1"]
[EndTime "10:39:10 PDT"]
[Termination "Viaje won by resignation"]

1. d4 d5 2. c4 c6 3. Nf3 Nf6 4. Qc2 g6 5. Bf4 dxc4 6. Qxc4 Bg7 7. Nc3 O-O 8. e4 b5 9. Qd3 b4 10. Nd1 Ba6 11. Qe3 Bxf1 12. Kxf1 Nbd7 13. Rc1 Rc8 14. g3 Re8 15. Kg2 Ng4 16. Qb3 a5 17. h3 Ngf6 18.
Re1 c5 19. e5 Nh5 20. d5 e6 21. Ne3 Nxf4+ 22. gxf4 Nb6 23. d6 Qd7 24. Nc4 Nxc4 25. Rxc4 f6 26. Qe3 fxe5 27. fxe5 Rf8 28. Rxc5 Rxc5 29.
Qxc5 Qf7 30. Qe3 Bh6 31. Qe4 Qd7 32. Re2 Rf4 33. Qd3 g5 34. Nh2 Bg7 35. Ng4 h5 36. Ne3 Kf7 37. Rc2 Qb7+ 38. Kg1 Qf3 39. Rc7+ Kg8 40.
Rc8+ Bf8 41. Qg6+ Kh8 42. Qh6+ Kg8 43. Qxe6+ Kh8 44. Qh6+ Kg8 45. Qxg5+ Kh8 46. Qh6+ Kg8 47. Qg6+ Kh8 48. Qh6+ Kg8 49. Qg5+ Kh8 50. Qg3 Qe4 51. d7 Qb1+ 52. Kg2 Qe4+ 53. Kg1 Qb1+ 54. Kh2 h4 55. Qxf4 1-0

[Event "*** SCC Grand Prix: Titled Tuesday Blitz"]
[Site "Chess.com"]
[Date "2020.10.06"]
[Round "4"]
[White "denispopov"]
[Black "Loy_Konstantin"]
[Result "1-0"]
[WhiteElo "1989"]
[BlackElo "2363"]
[TimeControl "180+1"]
[EndTime "10:39:11 PDT"]
[Termination "denispopov won on time"]

1. e4 c5 2. Nc3 Nc6 3. Bb5 Nd4 4. Nf3 g6 5. Nxd4 cxd4 6. Ne2 Bg7 7. O-O a6 8. Bd3 d6 9. c3 dxc3 10. dxc3 Nf6 11.
h3 O-O 12. Be3 Bd7 13. Qd2 Bc6 14. f3 b5 15. Bh6 Bb7 16. Bxg7 Kxg7 17. a4 Nd7 18.
axb5 axb5 19. Bxb5 Kg8 20. Bxd7 Qxd7 21. Kh2 Ba6 22.
Rfe1 Bxe2 23. Qxe2 Rab8 24. Rac1 Rb3 25. Rc2 Rfb8 26.
Rd1 Qb7 27. Rdd2 h5 28. e5 dxe5 29. Qxe5 e6 30. Qd6 Qb5 31. Qd4 Qg5 32. c4 h4 33.
Qg4 Qe5+ 34. f4 Qf6 35. Qg5 Kg7 36. c5 Rc8 37. c6 Rb6 38. c7 Rb7 39. Rd7 Qxg5 40.
fxg5 Ra7 41. b4 Rb7 42. b5 Rxb5 43. Rd8 1-0